 Dungeon Crawl Stone Soup version 0.29.0-4-gdea44cf6ec (webtiles) character file.

Game seed: 13148546695893871094

112 qw the Chopper (level 4, -2/26 HPs)
             Began as a Tengu Warper on Aug 28, 2022.
             Slain by Grinder (5 damage)
             ... while paralysed by Grinder
             ... on level 3 of the Dungeon.
             The game lasted 00:00:13 (2643 turns).

qw the Chopper (Tengu Warper)                       Turns: 2643, Time: 00:00:13

Health: -2/26      AC:  6    Str: 13    XL:     4   Next: 95%
Magic:  8/8        EV:  2    Int: 13    God:
Gold:   1102       SH:  0    Dex: 14    Spells: 7/7 levels left

rFire   . . .      SeeInvis .   Y - +1 hand axe
rCold   . . .      Faith    .   (no shield)
rNeg    . . .      Spirit   .   f - +0 scale mail
rPois   .          Reflect  +   (helmet restricted)
rElec   .          Harm     .   (no cloak)
rCorr   +          Rampage  .   (no gloves)
Will    .....                   (boots unavailable)
Stlth   ..........              n - amulet of reflection
HPRegen 0.08/turn               p - ring of resist corrosion
MPRegen 0.11/turn               (no ring)

@: paralysed
A: beak, talons 3
a: no special abilities


You were on level 3 of the Dungeon.
You visited 1 branch of the dungeon, and saw 3 of its levels.

You collected 1102 gold pieces.


Innate Abilities, Weirdness & Mutations

You have a beak for a mouth.
You have claws for feet.


   Skills:
 - Level 2.0 Fighting
 + Level 5.4 Axes
 - Level 1.0 Throwing
 - Level 1.1 Armour
 - Level 2.1 Dodging
 - Level 2.0 Spellcasting
 - Level 2.4 Translocations


You had 7 spell levels left.
You didn't know any spells.
Your spell library contained the following spells:

 Spells                   Type           Power      Damage    Failure   Level
 Blink                    Tloc           14%        N/A       56%         2
 Gell's Gravitas          Tloc           7%         N/A       80%         3
 Lesser Beckoning         Tloc           7%         N/A       80%         3
 Teleport Other           Tloc           7%         N/A       80%         3
 Manifold Assault         Tloc           7%         N/A       100%        5

Inventory:

Hand Weapons
 g - a +0 whip
 Y - a +1 hand axe (weapon)
Missiles
 c - 3 boomerangs
 d - a javelin (quivered)
Armour
 f - a +0 scale mail (worn)
Jewellery
 n - an amulet of reflection (around neck)
 p - a ring of resist corrosion (left hand)
Scrolls
 a - 2 scrolls of identify
 l - a scroll of teleportation
Potions
 b - a potion of mutation
 i - a potion of haste
 k - 2 potions of curing

Dungeon Overview and Level Annotations

Branches:
Dungeon (3/15)

Altars:

Annotations:
D:3 Grinder


Message History

You kill the rat!
Grinder shouts!
Grinder blinks!
An endoplasm comes into view.
The endoplasm quivers.
Throw: 2 javelins
Press: ? - help, Q - select action, (/) - cycle Shift-Dir - straight line, f - endoplasm You throw a javelin.
The javelin pierces through the endoplasm.
The endoplasm is heavily wounded.
Grinder hits you.
You writhe in agony.
You hit Grinder. Your peck misses Grinder.
Grinder is lightly wounded.
Grinder gestures at you. You resist with significant effort.
You slash Grinder! You claw Grinder.
Grinder is moderately wounded.
You block Grinder's attack.
You hit Grinder.
Grinder is heavily wounded.
Grinder hits you.
You hit Grinder. Your kick misses Grinder. You peck Grinder, but do no damage.
Grinder is severely wounded.
You block Grinder's attack.
You barely miss Grinder.
Grinder is severely wounded.
Grinder hits you!
You writhe in agony.
You hit Grinder. You claw Grinder! You peck Grinder, but do no damage.
Grinder is almost dead.
Grinder misses you.
You closely miss Grinder. Your peck misses Grinder.
Grinder is almost dead.
Grinder gestures at you.
You suddenly lose the ability to move!
Grinder gestures at you. You resist with significant effort. Grinder hits you!
Grinder hits you but does no damage. Grinder hits you.
You writhe in agony.
You die...

#.# #(#
#.# #.###
##.#.
(J...
#5#.#
#@#.#
####..
#.#.#
......
#.#.# ###
#.#.# ##
#.#.#
.####
#...#
....#
##.##
.##.# #.#
###.#
########.#


You could see Grinder and an endoplasm.

Vanquished Creatures
  An orc wizard (D:3)
  3 adders
  A dart slug (D:2)
  8 orcs (D:3)
  A ball python (D:1)
  3 endoplasms
  A giant cockroach (D:2)
  4 goblins
  8 hobgoblins
  5 kobolds
  3 bats
  5 frilled lizards (D:1)
  6 rats
49 creatures vanquished.

Notes
Turn   | Place    | Note
-------+----------+-------------------------------------------
     0 | D:1      | qw the Tengu Warper began the quest for the Orb.
     0 | D:1      | Reached XP level 1. HP: 12/12 MP: 4/4
     0 | D:1      | 0 ||| qw: Version: 0.1-a-89-g26bdef1
     0 | D:1      | 0 ||| qw: Game counter: 440
     0 | D:1      | 0 ||| qw: Always use a shield: true
     0 | D:1      | 0 ||| qw: God list: Okawaru
     0 | D:1      | 0 ||| qw: Allow faded altars: false
     0 | D:1      | 0 ||| qw: Do Orc after D:15 true
     0 | D:1      | 0 ||| qw: Do second Lair branch before Depths: true
     0 | D:1      | 0 ||| qw: Lair rune preference: random
     0 | D:1      | 0 ||| qw: Plans: Normal
     0 | D:1      | 0 ||| PLANNING D:1-11
   317 | D:1      | 317 ||| Stepping ~*~*~tactically~*~*~ (stealth).
   392 | D:1      | 392 ||| Stepping ~*~*~tactically~*~*~ (stealth).
   394 | D:1      | Reached XP level 2. HP: 17/17 MP: 6/6
   397 | D:1      | Reached skill level 3 in Axes
   528 | D:1      | 528 ||| Stepping ~*~*~tactically~*~*~ (stealth).
   628 | D:1      | Found a faded altar of an unknown god.
   913 | D:1      | 913 ||| UPGRADING to ring of resist corrosion.
   914 | D:1      | 914 ||| READING 2 scrolls labelled HIYGRO HAYSOU.
   915 | D:1      | 915 ||| READING scroll labelled QOGECWUFOS.
   916 | D:1      | 916 ||| READING 2 scrolls labelled YNTAUXT LONEOD.
   920 | D:1      | 920 ||| READING scroll labelled ANIBBA HAMY.
   921 | D:1      | 921 ||| DRINKING 2 sedimented puce potions.
   951 | D:1      | 951 ||| DRINKING 3 black potions.
   952 | D:1      | 952 ||| DROPPING scroll of blinking.
   953 | D:1      | 953 ||| DROPPING potion of lignification.
  1023 | D:2      | Reached XP level 3. HP: 17/21 MP: 7/7
  1183 | D:2      | 1183 ||| Stepping ~*~*~tactically~*~*~ (hiding).
  1285 | D:2      | 1285 ||| Stepping ~*~*~tactically~*~*~ (hiding).
  1447 | D:2      | Reached skill level 4 in Axes
  1554 | D:2      | 1554 ||| FLEEEEING.
  1555 | D:2      | 1555 ||| FLEEEEING.
  1556 | D:2      | 1556 ||| FLEEEEING.
  1557 | D:2      | 1557 ||| FLEEEEING.
  1560 | D:2      | 1560 ||| FLEEEEING.
  1561 | D:2      | 1561 ||| FLEEEEING.
  1562 | D:2      | 1562 ||| FLEEEEING.
  1563 | D:2      | 1563 ||| FLEEEEING.
  1564 | D:2      | 1564 ||| FLEEEEING.
  1565 | D:2      | 1565 ||| FLEEEEING.
  1566 | D:2      | 1566 ||| FLEEEEING.
  1567 | D:2      | 1567 ||| FLEEEEING.
  1568 | D:2      | 1568 ||| FLEEEEING.
  1569 | D:2      | 1569 ||| FLEEEEING.
  1570 | D:2      | 1570 ||| FLEEEEING.
  1573 | D:2      | 1573 ||| STAIRDANCE
  1612 | D:1      | 1612 ||| UPGRADING to +0 scale mail.
  1622 | D:1      | 1622 ||| DROPPING +0 leather armour.
  1623 | D:1      | 1623 ||| UPGRADING to amulet of guardian spirit.
  1628 | D:1      | 1628 ||| UPGRADING to amulet of reflection.
  1638 | D:1      | 1638 ||| DROPPING amulet of guardian spirit.
  1639 | D:1      | 1639 ||| READING scroll labelled ISCHU OTESO.
  1639 | D:1      | Identified a scroll of acquirement
  1639 | D:1      | 1639 ||| ACQUIRING 979 gold pieces
  1639 | D:1      | Acquired 979 gold pieces
  1641 | D:1      | 1641 ||| READING scroll labelled DEKHIE ZUFF.
  1642 | D:1      | 1642 ||| READING scroll labelled LITWOU LYUDIA.
  1643 | D:1      | 1643 ||| READING 4 scrolls of identify.
  1643 | D:1      | 1643 ||| IDENTIFYING ruby potion
  1644 | D:1      | 1644 ||| READING 3 scrolls of identify.
  1644 | D:1      | 1644 ||| IDENTIFYING orange potion
  1645 | D:1      | 1645 ||| READING 2 scrolls of identify.
  1645 | D:1      | 1645 ||| IDENTIFYING coppery potion
  1646 | D:1      | 1646 ||| DROPPING potion of degeneration.
  1647 | D:1      | 1647 ||| DROPPING potion of attraction.
  1746 | D:2      | Reached XP level 4. HP: 22/26 MP: 8/8
  2102 | D:2      | 2102 ||| READING scroll labelled EPREIL GIOFFYWN.
  2103 | D:2      | 2103 ||| READING 4 scrolls of identify.
  2103 | D:2      | 2103 ||| IDENTIFYING bubbling ruby potion
  2104 | D:2      | 2104 ||| READING 3 scrolls of identify.
  2104 | D:2      | 2104 ||| IDENTIFYING red potion
  2105 | D:2      | 2105 ||| READING 2 scrolls of identify.
  2105 | D:2      | 2105 ||| IDENTIFYING viscous black potion
  2106 | D:2      | 2106 ||| DROPPING potion of invisibility.
  2107 | D:2      | 2107 ||| DROPPING potion of brilliance.
  2133 | D:3      | 2133 ||| Stepping ~*~*~tactically~*~*~ (hiding).
  2142 | D:3      | Noticed Grinder
  2156 | D:3      | HP: 5/26 [Grinder (2)]
  2157 | D:3      | 2157 ||| READING 2 scrolls of teleportation.
  2465 | D:3      | 2465 ||| Stepping ~*~*~tactically~*~*~ (hiding).
  2477 | D:3      | Reached skill level 5 in Axes
  2639 | D:3      | Paralysed by Grinder for 5 turns
  2641 | D:3      | HP: 5/26 [Grinder (7)]
  2643 | D:3      | Slain by Grinder

Levels and vault maps discovered:
D:1:      heliophobic_arrival_battle_scene, layout_basic,
          shapermc_ecumenical_altar_venn
D:2:      layout_loops_ring, hangedman_decor_growths,
          nicolae_figureground_sparkle
D:3:      minmay_chambers_of_threes, layout_loops_ring,
          pdpol_wu_jian_five_deadly_venoms, kennysheep_generic_room_11,
          uniq_grinder

Skill      XL: |  1  2  3  4 |
---------------+-------------+-----
Axes           | 3 4 5 |  5.4
Fighting       | |  2.0
Throwing       | |  1.0
Armour         | |  1.1
Dodging        | |  2.1
Spellcasting   | |  2.0
Translocations | |  2.4

Action                   |  1- 3 |  4- 6 || total
-------------------------+-------+-------++-------
Melee: Hand axe          |    54 |    36 ||    90
       Kick              |    10 |    13 ||    23
       Peck              |     4 |    10 ||    14
Throw: Boomerang         |     7 |       ||     7
       Javelin           |    19 |     9 ||    28
  Use: Scroll            |    10 |     5 ||    15
       Potion            |     2 |       ||     2
Armor: Leather armour    |    11 |       ||    11
       Scale mail        |     2 |     8 ||    10
Dodge: Dodged            |    17 |     9 ||    26
Block: Other             |     2 |     9 ||    11

Table legend:
 A = Non-vault XP
 B = Vault XP
 C = Vault XP percentage of total XP
 D = Non-vault monster count
 E = Vault monster count
 F = Vault count percentage of total count
                 A         B        C        D         E       F
            +---------+---------+-------+---------+---------+-------
      Total |     161 |       0 |   0.0 |      49 |       0 |   0.0
            +---------+---------+-------+---------+---------+-------
        D:1 |      29 |       0 |   0.0 |      20 |       0 |   0.0
        D:2 |      55 |       0 |   0.0 |      17 |       0 |   0.0
        D:3 |      77 |       0 |   0.0 |      12 |       0 |   0.0
            +---------+---------+-------+---------+---------+-------
